 Dungeon Crawl Stone Soup version 0.25.1-2-g60ff931df9 (webtiles) character file.

Game seed: 1482222786624575317

8950 hawla the Carver (level 11, -4/145 HPs)
             Began as a Minotaur Berserker on Oct 27, 2020.
             Was a High Priest of Trog.
             Slain by Snorg (9 damage)
             ... on level 10 of the Dungeon.
             The game lasted 00:25:55 (11496 turns).

hawla the Carver (Minotaur Berserker)              Turns: 11496, Time: 00:25:57

Health: -4/145     AC: 29    Str: 25    XL:     11   Next: 16%
Magic:  10/10      EV:  2    Int:  4    God:    Trog [*****.]
Gold:   618        SH:  0    Dex: 10    Spells: 10/10 levels left

rFire    . . .     SeeInvis .   u - +1 long sword
rCold    . . .     Gourm    .   (no shield)
rNeg     + + +     Faith    .   (armour currently unavailable)
rPois    +         Spirit   .   (helmet currently unavailable)
rElec    .         Reflect  +   (cloak currently unavailable)
rCorr    .         Harm     .   (gloves currently unavailable)
MR       .....     NoTele   +   (boots currently unavailable)
Stlth    +.........             l - amulet of reflection
HPRegen  0.34/turn              f - +4 ring of protection
MPRegen  0.12/turn              q - +4 ring of evasion

@: confused, tree-form
A: (retaliatory headbutt)
a: Berserk, Trog's Hand, Brothers in Arms, Renounce Religion


You were on level 10 of the Dungeon.
You worshipped Trog.
Trog was extremely pleased with you.
You were not hungry.
You were a tree.
You visited 1 branch of the dungeon, and saw 10 of its levels.
You also visited: Bailey.

You collected 618 gold pieces.

Inventory:

Hand Weapons
 d - a +1 dagger of protection
 g - a +2 short sword of freezing
 u - a +1 long sword (weapon)
Missiles
 v - 27 boomerangs
 D - 24 poisoned darts (quivered)
Armour
 h - a +1 plate armour of cold resistance
 r - a +0 pair of gloves (melded)
 s - a scarf of repulsion
 z - a +0 pair of boots (melded)
 B - +0 steam dragon scales (melded)
 H - the +2 cloak of Razut (melded) {Stlth+}
   (You found it on level 10 of the Dungeon)

   It makes you more stealthy.
Jewellery
 f - a +4 ring of protection (left branch)
 l - an amulet of reflection (around neck)
 q - a +4 ring of evasion (right branch)
 x - an uncursed ring of magical power
 G - an uncursed amulet of faith {unknown}
Wands
 b - a wand of flame (43)
 k - a wand of iceblast (6)
 o - a wand of enslavement (7)
 w - a wand of acid (12)
Scrolls
 j - 4 scrolls of remove curse
 m - a scroll of magic mapping
 y - 3 scrolls of teleportation
Potions
 a - a potion of cancellation {unknown}
 e - 2 potions of curing
 i - 4 potions of flight
 n - 3 potions of might
 p - 3 potions of stabbing
 A - 5 potions of haste
 F - a potion of lignification
Comestibles
 c - 20 rations
 C - 6 chunks of flesh


   Skills:
 + Level 9.0 Fighting
 + Level 6.2(9.8) Short Blades
 + Level 12.5(13.1) Long Blades
 + Level 2.6 Throwing
 + Level 4.0 Armour
 * Level 10.9 Dodging
 + Level 1.2 Stealth
 + Level 1.1 Evocations


You had 10 spell levels left.
You didn't know any spells.
Your spell library was empty.

Dungeon Overview and Level Annotations

Branches:
Dungeon (10/15)            Temple (0/1) D:5            Lair (0/6) D:8
    Orc (0/2) D:9          Bailey (visited)

Altars:
Gozag
Okawaru
Qazlal
Ru
Sif Muna
Trog
Vehumet
Wu Jian
Yredelemnul
Zin
The Shining One

Shops:
D:9 }

Annotations:
D:10 Snorg


Innate Abilities, Weirdness & Mutations

((You reflexively headbutt those who attack you in melee.))
((You have a pair of horns on your head.))


Message History

You feel invigorated. Snorg completely misses you.
Snorg claws you but does no damage. x2
You cannot move. (Use ctrl+direction or * direction to attack without moving.)
You cannot move. (Use ctrl+direction or * direction to attack without moving.)
You swing at nothing.
Snorg bites you but does no damage. Snorg claws you!
* * * LOW HITPOINT WARNING * * *
Snorg claws you but does no damage.
You cannot move. (Use ctrl+direction or * direction to attack without moving.)
You cannot move. (Use ctrl+direction or * direction to attack without moving.)
You cannot move. (Use ctrl+direction or * direction to attack without moving.)
You cannot move. (Use ctrl+direction or * direction to attack without moving.)
You swing at nothing.
Snorg bites you but does no damage. Snorg claws you but does no damage. x2
You slash Snorg!
Snorg is severely wounded.
Snorg bites you!
* * * LOW HITPOINT WARNING * * *
Snorg claws you but does no damage. x2; Snorg bites you but does no damage.
Snorg barely misses you. Snorg claws you!
You die...

........#
#..........##
#... ######.##
#..........#
#### #.#
#####'######
..# ##..# #.##
##..## #+
#..##
##.########
#..........
#..♣T.....?
#..........
#.......(....
+..#..........
####..........
##.########
#.# #..


You could see Snorg (berserk).

Vanquished Creatures
  A hydra (D:8)
  A two-headed ogre (D:10)
  2 deep elf magi (Bailey)
  2 hippogriffs
  Prince Ribbit (D:7)
  2 dream sheep (D:8)
  9 yaks
  A steam dragon (D:9)
  2 hungry ghosts
  A water moccasin (D:9)
  4 ice beasts
  An orc warrior (D:6)
  A necrophage (D:5)
  4 phantoms
  5 ogres
  3 centaurs
  A wolf (D:8)
  A crocodile (D:10)
  5 big kobolds
  4 bullfrogs
  A scorpion (D:4)
  5 wights (D:9)
  An electric eel (D:8)
  2 jellies (D:9)
  5 crimson imps
  A bullfrog zombie (D:9)
  A wyvern simulacrum (D:8)
  6 orc priests
  Crazy Yiuf (D:3)
  2 bullfrog skeletons
  A gnoll shaman (D:9)
  4 hounds
  7 orc wizards
  Terence (D:2)
  7 worker ants
  A centaur simulacrum (D:8)
  A howler monkey zombie (D:7)
  4 gnolls (D:9)
  8 adders
  3 shadow imps (D:8)
  6 white imps (D:8)
  4 dart slugs
  5 leopard geckos
  50 orcs
  5 bats
  3 giant cockroaches
  8 goblins
  8 hobgoblins
  19 jackals
  4 quokkas
  A ball python (D:5)
  4 frilled lizards
  20 kobolds
  2 quokka skeletons
  5 rats
257 creatures vanquished.

Vanquished Creatures (others)
  A deep elf mage (Bailey)
1 creature vanquished.

Grand Total: 258 creatures vanquished

Notes
Turn   | Place    | Note
-------+----------+-------------------------------------------
     0 | D:1      | hawla the Minotaur Berserker began the quest for the Orb.
     0 | D:1      | Reached XP level 1. HP: 19/19 MP: 0/0
   240 | D:1      | Reached XP level 2. HP: 27/27 MP: 1/1
   254 | D:1      | Reached skill level 4 in Long Blades
   711 | D:1      | Reached ** piety under Trog
   881 | D:2      | Noticed Terence
   893 | D:2      | Killed Terence
   893 | D:2      | Reached XP level 3. HP: 27/34 MP: 2/2
  1069 | D:2      | Reached skill level 1 in Short Blades
  1204 | D:2      | Reached XP level 4. HP: 41/41 MP: 3/3
  1877 | D:3      | Found a bloodstained altar of Trog.
  2092 | D:3      | Found a glowing silver altar of Zin.
  2093 | D:3      | Found an opulent altar of Gozag.
  2471 | D:3      | Reached XP level 5. HP: 47/47 MP: 4/4
  2501 | D:3      | Found a basalt altar of Yredelemnul.
  2626 | D:3      | Found a runed translucent door.
  2627 | D:3      | Noticed Crazy Yiuf
  2809 | D:3      | Killed Crazy Yiuf
  3043 | D:4      | Reached skill level 5 in Long Blades
  3082 | D:4      | Reached skill level 5 in Fighting
  3107 | D:4      | Noticed a phantom
  3129 | D:4      | Killed a phantom
  3129 | D:4      | Reached *** piety under Trog
  3289 | D:4      | Reached XP level 6. HP: 56/56 MP: 5/5
  3693 | D:4      | Reached skill level 6 in Long Blades
  3703 | D:4      | Reached XP level 7. HP: 16/61 MP: 6/6
  4415 | D:5      | Entered Level 5 of the Dungeon
  4438 | D:5      | Found a radiant altar of Vehumet.
  4836 | D:5      | Reached skill level 7 in Long Blades
  5082 | D:5      | Found a staircase to the Ecumenical Temple.
  5456 | D:6      | Reached skill level 5 in Dodging
  5590 | D:6      | Reached skill level 8 in Long Blades
  5664 | D:6      | Reached **** piety under Trog
  5664 | D:6      | Reached XP level 8. HP: 60/70 MP: 7/7
  6097 | D:7      | Found an ornate altar of the Wu Jian Council.
  6294 | D:7      | Reached skill level 9 in Long Blades
  6519 | D:7      | Found a sacrificial altar of Ru.
  6614 | D:7      | Reached skill level 1 in Throwing
  6812 | D:7      | Found an iron altar of Okawaru.
  6812 | D:7      | Found a glowing golden altar of the Shining One.
  7128 | D:7      | Reached ***** piety under Trog
  7175 | D:7      | Reached skill level 10 in Long Blades
  7251 | D:7      | Noticed Prince Ribbit
  7286 | D:7      | Killed Prince Ribbit
  7286 | D:7      | Reached XP level 9. HP: 46/78 MP: 8/8
  8701 | D:8      | Reached skill level 11 in Long Blades
  8717 | D:8      | Reached XP level 10. HP: 64/88 MP: 9/9
  8841 | D:8      | Noticed a three-headed hydra
  8859 | D:8      | Killed a three-headed hydra
  8859 | D:8      | Reached skill level 5 in Short Blades
  9148 | D:8      | Found a stormy altar of Qazlal.
  9170 | D:8      | Found a staircase to the Lair.
  9573 | D:9      | Found Netite's Gadget Emporium.
  9685 | D:9      | Found a flagged portal.
  9699 | Bailey   | Entered a bailey
  9715 | Bailey   | Noticed a deep elf mage
  9723 | Bailey   | Killed a deep elf mage
  9737 | Bailey   | Noticed a deep elf mage
  9738 | Bailey   | Noticed a deep elf mage
  9738 | Bailey   | Noticed a deep elf mage
  9738 | Bailey   | Noticed a deep elf mage
  9738 | Bailey   | Noticed a deep elf mage
  9739 | Bailey   | Killed a deep elf mage
  9747 | Bailey   | Killed a deep elf mage
  9747 | Bailey   | Reached skill level 10 in Dodging
 10052 | D:9      | Found a staircase to the Orcish Mines.
 10080 | D:9      | Reached skill level 1 in Evocations
 10329 | D:9      | Found a shimmering blue altar of Sif Muna.
 10472 | D:9      | Reached skill level 12 in Long Blades
 11136 | D:10     | Entered Level 10 of the Dungeon
 11211 | D:10     | Got a fading cloak
 11222 | D:10     | Identified the +2 cloak of Razut {Stlth+} (You found it on
                  | level 10 of the Dungeon)
 11241 | D:10     | Reached skill level 1 in Stealth
 11241 | D:10     | Reached XP level 11. HP: 95/95 MP: 10/10
 11353 | D:10     | Noticed a two-headed ogre
 11365 | D:10     | Killed a two-headed ogre
 11469 | D:10     | Noticed Snorg
 11491 | D:10     | HP: 3/145 [Snorg (9)]
 11496 | D:10     | HP: 5/145 [Snorg (16)]
 11496 | D:10     | Slain by Snorg

Illustrated notes

Levels and vault maps discovered:
D:1:      dpeg_arrival_arbitrary_c, layout_basic,
          hangedman_abyss_or_decor_stabs, kennysheep_small_spiral,
          minmay_misc_feat_encased, minmay_tromino_v4_c
D:2:      layout_basic, grunt_ministairs_10, uniq_terence
D:3:      layout_loops_ring, grunt_temple_overflow_gold_and_silver,
          nicolae_overflow_hidden_temple, overflow_temple_1_default,
          first_ration, roderic_serpentine_path, uniq_crazy_yiuf_cottage
D:4:      cheibrodos_old_hovel, layout_basic
D:5:      layout_basic, vehumet_altar_wand_db, minmay_temple_entry_slanted
D:6:      layout_gridville
D:7:      layout_loops_ring, gammafunk_temple_overflow_elements,
          lemuel_doored_altar, lemuel_crystal_altar, uniq_prince_ribbit1
D:8:      layout_loops_corners, grunt_qazlal_clouds, lair_entry_dummy,
          serial_ice, serial_ice_c, serial_ice_b, serial_ice_o, serial_ice_h,
          serial_ice_a, serial_ice_k, hangedman_ranch [blue_anna_fruit_fields]
D:9:      layout_stronghold, kennysheep_little_box, orc_0_dummy, serial_shops,
          shop_fountains, enter_bailey_8
D:10:     layout_roguey, uniq_snorg

Skill      XL: |  1  2  3  4  5  6  7  8  9 10 11 |
---------------+----------------------------------+-----
Long Blades    | 4 5 6 8 10 11 12 | 12.5
Fighting       | 4 5 6 7 8 9 |  9.0
Short Blades   | 1 2 3 4 6 |  6.2
Dodging        | 3 4 5 7 9 10 | 10.9
Armour         | 3 4 |  4.0
Throwing       | 1 2 |  2.6
Evocations     | 1 |  1.1
Stealth        | 1 |  1.2

Action                   |  1- 3 |  4- 6 |  7- 9 | 10-12 || total
-------------------------+-------+-------+-------+-------++-------
Melee: Falchion          |     8 |   116 |   292 |    26 ||   442
       Short sword       |    67 |     4 |     3 |       ||    74
       Headbutt          |    13 |    27 |    87 |    52 ||   179
       Dagger            |       |       |    75 |    70 ||   145
       Long sword        |       |       |       |   139 ||   139
Throw: Boomerang         |       |     3 |     9 |       ||    12
       Dart              |       |       |     3 |     2 ||     5
Evoke: Wand              |       |       |     3 |     4 ||     7
  Use: Scroll            |     4 |     7 |     5 |     9 ||    25
       Potion            |       |     1 |       |     7 ||     8
  Eat: Chunk             |     1 |     8 |    14 |    11 ||    34
       Ration            |       |       |     1 |       ||     1
Armor: Animal skin       |     4 |       |       |       ||     4
       Skin              |    12 |    14 |    44 |    50 ||   120
       Plate armour      |    10 |     1 |       |     8 ||    19
       Steam dragon scal |       |       |       |     8 ||     8
Dodge: Dodged            |    39 |    77 |   222 |   171 ||   509
Block: Other             |    14 |    18 |    60 |    42 ||   134
       Reflection        |       |       |     6 |     2 ||     8
       Rpst.: Falchion   |       |    24 |    49 |     5 ||    78
       Long sword        |       |       |       |    28 ||    28
